AoeStats
← Sir Richard III

Four Lakes

508663648Analyzed
1v1 RM · 10d ago on Sep 23, 2026· 45m 27s· 2 players
Game mode
Random Map
Map size
Tiny (2 player)
Population
200
Speed
Normal
Resources
Standard
Victory
Conquest
Starting age
Dark Age
Ending age
Imperial Age
RankedLock teamsTeams togetherTeam positionsShared explorationLock speedFull tech treeHidden civsTurbo modeCheats
Victory
Defeat
🇨🇿 Byzantines · Czechia
672
+13
🇨🇭 Portuguese · Switzerland
600
-13
Sir Richard III
2:49 Loom
10:31 Feudal Age
11:22 Double-Bit Axe
13:27 Fishing Lines
21:27 Castle Age
19:46 Horse Collar
20:31 Scale Barding Armor
20:17 Fletching
21:44 Bloodlines
22:31 Gillnets
25:39 Chain Barding Armor
27:16 Gold Mining
27:20 Stone Mining
35:21 Imperial Age
35:23 Wheelbarrow
34:45 Pikeman
35:43 Elite Organ Gun
40:44 Halberdier
Alexis
6:09 Loom
10:42 Feudal Age
12:33 Double-Bit Axe
12:33 Horse Collar
22:07 Castle Age
22:00 Scale Barding Armor
22:07 Forging
21:52 Fletching
23:40 Squires
23:01 Pikeman
25:20 Bow Saw
25:19 Husbandry
35:42 Imperial Age
36:00 Bodkin Arrow
36:05 Padded Archer Armor
36:50 Bracer
Connection lost

Rejoining the realm…

Still unreachable

The connection could not be restored.

Session expired

The server has moved on; the page needs a fresh start.